 Dungeon Crawl Stone Soup version 0.30-a0-373-gd37427bb62 (webtiles) character file.

Game seed: 8565512972071283927

42 Uniporpoise the Insei (level 3, 0/23 HPs)
             Began as an Octopode Transmuter on Nov 25, 2022.
             Succumbed to a goblin's poison
             ... on level 2 of the Dungeon.
             The game lasted 00:01:35 (917 turns).

Uniporpoise the Insei (Octopode Transmuter)          Turns: 917, Time: 00:01:36

Health: 0/23       AC:  1    Str:  8 (9)  XL:     3   Next: 56%
Magic:  5/6        EV: 13    Int: 15 (17) God:
Gold:   88         SH:  0    Dex: 10 (12) Spells: 2/6 levels left

rFire   . . .      SeeInvis .      - Unarmed
rCold   . . .      Faith    .    (no shield)
rNeg    . . .      Spirit   .    (helmet currently unavailable)
rPois   .          Reflect  .    (no amulet)
rElec   .          Harm     .    (no ring)
rCorr   .          Rampage  .    (no ring)
Will    .....                    (no ring)
Stlth   ++........               (no ring)
HPRegen 0.23/turn                (no ring)
MPRegen 0.10/turn                (no ring)
                                 (no ring)
                                 (no ring)

@: lethally poisoned (0 -> -9), appendages
A: tentacle spike 3, almost no armour, amphibious, 8 rings, camouflage 1,
gelatinous body 1, (nimble swimmer 1), tentacles
a: End Transformation


You were on level 2 of the Dungeon.
One of your tentacles had grown a beastly spike.
You visited 1 branch of the dungeon, and saw 2 of its levels.

You collected 88 gold pieces.

Inventory:

Armour
 c - a +0 buckler
Scrolls
 d - a scroll of enchant armour {unknown}
 e - a scroll of fog {unknown}
 f - a scroll of silence {unknown}
 g - a scroll of vulnerability {unknown}
 i - a scroll of identify {unknown}
Potions
 a - a potion of lignification
 h - a potion of heal wounds {unknown}


   Skills:
 + Level 1.2 Fighting
 + Level 2.2 Dodging
 + Level 1.0 Stealth
 + Level 0.5 Shields
 * Level 3.4 Unarmed Combat
 + Level 2.2 Spellcasting
 * Level 2.6 Transmutations
 + Level 0.1 Poison Magic


You had 2 spell levels left.
You knew the following spells:

 Your Spells              Type           Power      Damage    Failure   Level
a - Beastly Appendage     Tmut           18%        N/A       8%          1
b - Spider Form           Tmut/Pois      5%         N/A       36%         3

Your spell library contained the following spells:

 Spells                   Type           Power      Damage    Failure   Level
 Wereblood                Tmut           9%         N/A       12%         2
 Passwall                 Tmut/Erth      4%         N/A       19%         2
 Sandblast                Erth           2%         2d4       22%         1
 Stone Arrow              Conj/Erth      2%         3d7       54%         3
 Ice Form                 Ice/Tmut       5%         N/A       77%         4


Dungeon Overview and Level Annotations

Branches:
Dungeon (2/15)

Altars:


Innate Abilities, Weirdness & Mutations

One of your tentacles has grown a beastly spike.
You cannot wear most types of armour.
You are amphibious.
You can wear up to eight rings at the same time.
Your skin changes colour to match your surroundings (Stealth+).
Your rubbery body absorbs attacks. (AC +1, EV +1)
((You are camouflaged when in or above water. (Stealth+)))
You have tentacles for arms and can constrict up to eight enemies at once.


Message History

You pick up a book of Geomancy and begin reading...
You add the spells Sandblast, Passwall and Stone Arrow to your library.
Your transformation is almost over.
Okay, then.
Your tentacle spike disappears.
HP restored.
h - a bubbling silvery potion
i - a scroll labelled ZIPUAT UFARUHY A goblin comes into view.
It is wielding a +1 dagger of venom and wearing the +3 chain mail of Hospitality {Dex+3}.
An adder and a quokka come into view.
Found 14 gold pieces.
Casting: Beastly Appendage (safe; 7% risk of failure)
Confirm with . or Enter, or press ? or * to list all spells.
One of your tentacles grows a vicious spike.
The goblin hits you with a +1 dagger of venom.
You are poisoned.
You tentacle-slap the goblin. You grab the goblin.
You squeeze the goblin, but do no damage.
The goblin is moderately wounded.
You constrict the goblin, but do no damage.
You feel very sick.
The goblin hits you with a +1 dagger of venom.
You tentacle-slap the goblin but do no damage.
The goblin is moderately wounded.
You constrict the goblin, but do no damage.
You feel sick.
The goblin hits you with a +1 dagger of venom.
You are lethally poisoned!
You tentacle-slap the goblin but do no damage.
You constrict the goblin.
* * * LOW HITPOINT WARNING * * *
You feel very sick.
The adder hisses angrily.
The goblin barely misses you. The quokka bites you.
* * * LOW HITPOINT WARNING * * *
It was a potion of degeneration.
There was something very wrong with that liquid.
You feel weakened.
You feel dopey.
You feel clumsy.
You constrict the goblin.
You die...

##..# #.>...#
##.## #.#..# ....#
#....##### ##..#
###......#
##..####
##...####.#
#......# #..#..# #
#.####.###.###.#
#.##. #.# #..#..#
#.###...... #>#
##....#
#..@r...... ..#
###...#####g...^..
.## ..#....#
....... #
.######......S...
.# ###...... .#
.....$ ## ......
######


You could see an adder, a quokka and a goblin.

Vanquished Creatures
  An adder (D:2)
  2 dart slugs (D:1)
  2 ball pythons (D:1)
  A bat (D:1)
  5 endoplasms
  3 goblins
  2 hobgoblins (D:1)
  2 jackals (D:1)
  6 kobolds (D:1)
  A frilled lizard (D:1)
  2 rats (D:1)
27 creatures vanquished.

Notes
Turn   | Place    | Note
-------+----------+-------------------------------------------
     0 | D:1      | Uniporpoise the Octopode Transmuter began the quest for the
                  | Orb.
     0 | D:1      | Reached XP level 1. HP: 13/13 MP: 3/3
   163 | D:1      | Reached XP level 2. HP: 17/18 MP: 3/5
   441 | D:1      | Reached XP level 3. HP: 19/23 MP: 4/6
   652 | D:1      | Learned a level 3 spell: Spider Form
   838 | D:2      | Reached skill level 1 in Stealth
   906 | D:2      | Identified the +3 chain mail of Hospitality {Dex+3}
   917 | D:2      | Succumbed to a goblin's poison

Illustrated notes

Levels and vault maps discovered:
D:1:      onia_arrival_mini_spirals, layout_basic
D:2:      layout_rooms

Skill      XL: |  1  2  3 |
---------------+----------+-----
Stealth        | 1 |  1.0
Fighting       | |  1.2
Dodging        | |  2.2
Shields        | |  0.5
Unarmed Combat | |  3.4
Spellcasting   | |  2.2
Transmutations | |  2.6
Poison Magic   | |  0.1

Action                   || total
-------------------------++-------
Melee: Unarmed           ||    59
       Kick              ||    25
       Constrict         ||    16
       Tentacles         ||    11
       Punch             ||     2
 Cast: Beastly Appendage ||    19
  Use: Potion            ||     1
 Stab: Sleeping          ||     5
Armor: Skin              ||     2
Dodge: Dodged            ||    36

Table legend: (Time is in decaauts)
 A = Elapsed time spent in this place.
 B = Non-inter-level travel time spent in this place.
 C = Inter-level travel time spent in this place.
 D = Time resting spent in this place.
 E = Time spent auto-exploring this place.
 F = Levels seen in this place.
 G = Mean time per level.
                   A        B        C        D        E       F      G
               +--------+--------+--------+--------+--------+-----+--------+
         Total |    913 |    913 |      0 |     12 |    665 |   2 |  456.5 |
       Dungeon |    913 |    913 |      0 |     12 |    665 |   2 |  456.5 |
               +--------+--------+--------+--------+--------+-----+--------+

Top non-repeatable levels by time:
     D:1: 782 daAuts
     D:2: 130 daAuts
